 Dungeon Crawl Stone Soup version 0.28.0-53-g5a82cb258f (webtiles) character file.

Game seed: 15658027526292925504

861 safid the Cleaver (level 8, -1/66 HPs)
             Began as a Hill Orc Fighter on Aug 12, 2022.
             Was an Initiate of Beogh.
             Slain by a yak (9 damage)
             ... on level 5 of the Dungeon.
             The game lasted 00:05:32 (4787 turns).

safid the Cleaver (Hill Orc Fighter)                Turns: 4787, Time: 00:05:33

Health: -1/66      AC: 12    Str: 21    XL:     8   Next: 2%
Magic:  8/8        EV:  5    Int:  8    God:    Beogh [......]
Gold:   198        SH:  4    Dex: 10    Spells: 7/7 levels left

rFire   . . .      SeeInvis .   a - +0 war axe
rCold   . . .      Faith    .   c - +0 buckler
rNeg    . . .      Spirit   .   i - +0 plate armour
rPois   .          Reflect  .   (no helmet)
rElec   .          Harm     .   (no cloak)
rCorr   .          Rampage  .   n - +0 pair of gloves
Will    .....                   (no boots)
Stlth   ..........              (no amulet)
HPRegen 0.21/turn               (no ring)
MPRegen 0.11/turn               (no ring)

@: hasted, very quick
A: no striking features
a: Renounce Religion


You were on level 5 of the Dungeon.
You worshipped Beogh.
Beogh was noncommittal.
You visited 1 branch of the dungeon, and saw 5 of its levels.

You collected 198 gold pieces.

Inventory:

Hand Weapons
 a - a +0 war axe (weapon)
Missiles
 j - 14 poisoned darts (quivered)
 q - 5 curare-tipped darts
Armour
 c - a +0 buckler (worn)
 i - a +0 plate armour (worn)
 n - a +0 pair of gloves (worn)
Wands
 o - a wand of charming (1)
 t - a wand of flame (55)
Scrolls
 b - 3 scrolls of fear {unknown}
 d - a scroll of brand weapon {unknown}
 e - 2 scrolls of fog {unknown}
 g - 2 scrolls of teleportation {unknown}
 k - a scroll of silence {unknown}
 l - a scroll of identify {unknown}
 x - a scroll of enchant armour {unknown}
 y - a scroll of blinking {unknown}
 B - a scroll of noise {unknown}
 C - a scroll of vulnerability {unknown}
Potions
 f - a potion of haste
 h - a potion of magic {unknown}
 m - a potion of lignification {unknown}
 p - a potion of degeneration {unknown}
 r - a potion of ambrosia {unknown}
 s - a potion of berserk rage {unknown}
 u - 2 potions of flight {unknown}
 v - a potion of brilliance {unknown}
 w - a potion of mutation {unknown}
 z - a potion of curing {unknown}
 A - a potion of invisibility {unknown}


   Skills:
 - Level 4.0 Fighting
 + Level 10.9 Axes
 - Level 4.0 Armour
 - Level 4.0 Shields


You had 7 spell levels left.
You didn't know any spells.
Your spell library contained the following spells:

 Spells                   Type           Power      Damage    Failure   Level
 Animate Skeleton         Necr           0%         N/A       100%        1
 Pain                     Necr           0%         1d4       100%        1
 Gell's Gravitas          Tloc           0%         N/A       100%        3
 Summon Guardian Golem    Hex/Summ       0%         N/A       100%        3
 Teleport Other           Tloc           0%         N/A       100%        3
 Vampiric Draining        Necr           0%         2d6       100%        3
 Fulminant Prism          Conj/Hex       0%         3d6       100%        4
 Iskenderun's Mystic Bla  Conj/Tloc      0%         2d3       100%        4
 Lee's Rapid Deconstruct  Erth           0%         3d5*      100%        5
 Dispersal                Tloc           0%         N/A       100%        6
 Orb of Destruction       Conj           0%         9d5       100%        7
 Spellforged Servitor     Conj/Summ      0%         N/A       100%        7


Dungeon Overview and Level Annotations

Branches:
Dungeon (5/15)             Temple (0/1) D:4

Altars:
Vehumet


Message History

Unknown command.
You hit the yak but do no damage.
The yak is lightly wounded.
The yak gores you but does no damage.
Unknown command.
You slash the yak!
The yak is heavily wounded.
The yak gores you.
Unknown command.
You barely miss the yak.
The yak is heavily wounded.
The yak gores you!
Unknown command.
You closely miss the yak.
The yak is heavily wounded.
The yak gores you!
Unknown command.
You hit the yak but do no damage.
The yak is heavily wounded.
The yak gores you!
Unknown command.
You hit the yak.
The yak is severely wounded.
The yak completely misses you.
Unknown command.
You barely miss the yak.
The yak is severely wounded.
The yak gores you.
Unknown command.
You hit the yak but do no damage.
The yak is severely wounded.
The yak gores you but does no damage.
Unknown command.
You closely miss the yak.
The yak is severely wounded.
The yak gores you!
* * * LOW HITPOINT WARNING * * *
Unknown command.
You feel yourself speed up. The yak gores you!
You die...

.(..#.#)###..........##.
.(.#.#####......#...#
....................#
##(.........#._.#(..
#Y...............###
#.(.)[.......#....
###Y######.......## #Y#
####. #@# #.# #.# #.#
#.# #.# #.# #.#


You could see 2 yaks.

Vanquished Creatures
  Grinder (D:3)
  A wyvern (D:4)
  A yak (D:5)
  A black bear (D:4)
  A scorpion (D:3)
  A jelly (D:4)
  Ijyb (D:3)
  Natasha (thrice) (D:3)
  3 adders
  A white imp (D:5)
  An ufetubus (D:4)
  An adder skeleton (D:4)
  3 dart slugs
  2 orcs
  5 endoplasms
  3 giant cockroaches
  8 hobgoblins
  3 quokkas
  6 ball pythons
  5 bats
  A frilled lizard (D:2)
  8 goblins
  8 kobolds
  A quokka skeleton (D:4)
  5 rats
74 creatures vanquished.

Vanquished Creatures (others)
  An orc (D:4)
  5 toadstools (D:1)
6 creatures vanquished.

Grand Total: 80 creatures vanquished

Notes
Turn   | Place    | Note
-------+----------+-------------------------------------------
     0 | D:1      | safid the Hill Orc Fighter began the quest for the Orb.
     0 | D:1      | Reached XP level 1. HP: 19/19 MP: 1/1
   224 | D:1      | Reached skill level 3 in Axes
   224 | D:1      | Reached XP level 2. HP: 22/27 MP: 2/2
   717 | D:1      | Found a faded altar of an unknown god.
   755 | D:1      | Reached XP level 3. HP: 33/33 MP: 3/3
  2191 | D:3      | Noticed Natasha
  2195 | D:3      | Killed Natasha
  2196 | D:3      | Reached skill level 4 in Axes
  2196 | D:3      | Reached XP level 4. HP: 35/40 MP: 4/4
  2262 | D:3      | Noticed a scorpion
  2269 | D:3      | Killed a scorpion
  2270 | D:3      | Reached skill level 5 in Axes
  2270 | D:3      | Reached XP level 5. HP: 46/46 MP: 5/5
  2403 | D:3      | Noticed Ijyb
  2427 | D:3      | Killed Ijyb
  2609 | D:3      | Reached skill level 6 in Axes
  2654 | D:3      | Noticed Natasha
  2670 | D:3      | Killed Natasha
  2819 | D:3      | Noticed Natasha
  2830 | D:3      | Killed Natasha
  2831 | D:3      | Reached XP level 6. HP: 30/52 MP: 6/6
  2995 | D:3      | Noticed Grinder
  2997 | D:3      | Paralysed by Grinder for 6 turns
  3009 | D:3      | Paralysed by Grinder for 4 turns
  3013 | D:3      | Killed Grinder
  3014 | D:3      | Reached skill level 8 in Axes
  3645 | D:4      | Reached XP level 7. HP: 54/59 MP: 7/7
  4048 | D:4      | Became a worshipper of Beogh the Brigand
  4072 | D:4      | Reached skill level 9 in Axes
  4150 | D:4      | Found a staircase to the Ecumenical Temple.
  4221 | D:4      | Noticed a wyvern
  4225 | D:4      | Killed a wyvern
  4226 | D:4      | Reached skill level 10 in Axes
  4597 | D:5      | Entered Level 5 of the Dungeon
  4598 | D:5      | Found a radiant altar of Vehumet.
  4760 | D:5      | Noticed a yak
  4760 | D:5      | Noticed a yak
  4761 | D:5      | Noticed a yak
  4776 | D:5      | Killed a yak
  4777 | D:5      | Reached XP level 8. HP: 51/66 MP: 8/8
  4787 | D:5      | Slain by a yak

Illustrated notes

Levels and vault maps discovered:
D:1:      ldierk_walled_garden, layout_basic, basic_ecumenical_altar
D:2:      layout_loops_ring
D:3:      layout_basic, minmay_quantized, uniq_grinder, uniq_ijyb, uniq_natasha
D:4:      layout_loops_ring, minmay_temple_entry_hall
D:5:      layout_basic, vehumet_altar_wand_db

Skill      XL: |  1  2  3  4  5  6  7 |
---------------+----------------------+-----
Axes           | 3 4 5 6 8 10 | 10.9
Fighting       | 4 |  4.0
Armour         | 4 |  4.0
Shields        | 4 |  4.0

Action                   |  1- 3 |  4- 6 |  7- 9 || total
-------------------------+-------+-------+-------++-------
Melee: War axe           |   115 |    83 |    78 ||   276
Throw: Dart              |       |       |     7 ||     7
Invok: Convert to Beogh  |       |       |     1 ||     1
  Use: Potion            |       |     1 |     2 ||     3
Armor: Scale mail        |    16 |       |       ||    16
       Plate armour      |    53 |    53 |    55 ||   161
Dodge: Dodged            |    36 |    16 |    24 ||    76
Block: Buckler           |    26 |    15 |    16 ||    57
